 Dungeon Crawl Stone Soup version 0.15.1 (webtiles) character file.

371 DrPain the Cutter (level 7, -4/45 HPs)
             Began as a Halfling Fighter on Sept 18, 2014.
             Killed from afar by Dowan (14 damage)
             ... with a stone arrow
             ... on Level 5 of the Dungeon.
             The game lasted 00:12:41 (4786 turns).

DrPain the Cutter (Halfling Fighter)                Turns: 4786, Time: 00:12:41

HP  -4/45        AC 12     Str 17      XL: 7   Next:  2%
MP   7/7         EV 11     Int  7      God:
Gold 184         SH  6     Dex 17      Spells:  0 memorised,  6 levels left

rFire  + . .     SeeInvis .     W - +0 morningstar
rCold  . . .     Clarity  .     h - +2 ring mail {rPois}
rNeg   . . .     rCorr    .     c - +0 buckler
rPois  +         rRot     .     g - +0 helmet
rElec  .         Spirit   .     k - +0 cloak
SustAb .         Warding  .     (no gloves)
rMut   .         Stasis   .     n - +0 pair of boots
Gourm  .                        (no amulet)
MR     .....                    v - ring of protection from fire
                                s - +1 ring of protection

@: slowed, glowing, very slow, not resistant to hostile enchantments, very
unstealthy
A: agile 1, mutation resistance 1
a: no special abilities


You were on level 5 of the Dungeon.
You were not hungry.

You visited 1 branch of the dungeon, and saw 5 of its levels.

You collected 184 gold pieces.

Inventory:

Hand weapons
 f - a +0 hunting sling
 w - a +1 cutlass
 W - a +0 morningstar (weapon)
Missiles
 a - 13 sling bullets
 i - 26 poisoned needles
 l - 46 stones (quivered)
Armour
 c - a +0 buckler (worn)
 g - a +0 helmet (worn)
 h - a +2 ring mail of poison resistance (worn)
 k - a +0 cloak (worn)
 n - a +0 pair of boots (worn)
Comestibles
 b - 3 meat rations
 d - 3 bread rations
 r - 2 fruits
 u - a slice of pizza
Scrolls
 m - 6 scrolls of identify
 p - 2 scrolls of remove curse
 q - a scroll of random uselessness
 t - a scroll of teleportation
Jewellery
 s - a +1 ring of protection (left hand)
 v - a ring of protection from fire (right hand)
Potions
 e - 3 potions of might
 o - a potion of flight


   Skills:
 - Level 2.6 Fighting
 - Level 5.0 Short Blades
 + Level 3.6 Maces & Flails
 - Level 3.2 Armour
 - Level 5.0 Shields


You had 6 spell levels left.
You didn't know any spells.

Dungeon Overview and Level Annotations

Branches:
Dungeon (5/15)
 Temple: D:4-7

Altars:

Annotations:
D:5 Dowan


Innate Abilities, Weirdness & Mutations

You are small and have problems with some larger weapons.
You are somewhat resistant to further mutation.
You are agile. (Dex +2)


Message History

Dowan blinks!
Dowan casts a spell.
Dowan blinks!
Dowan opens the door.
Found a stone staircase leading up.
There is an open door here.
Dowan mumbles some strange words.
Dowan blinks!
Dowan casts a spell.
Dowan blinks!
Dowan mumbles some strange words.
Dowan blinks!
Dowan gestures wildly while chanting.
Dowan blinks!
Dowan breathes, "And she was my only..."
Dowan says, "Magic will overcome all!"
Dowan says, "Her death will not be in vain!"
Dowan points at you and mumbles some strange words.
The stone arrow hits you!
You die...

... . ..# .... ..'
..... +.###......
#.....!....
####).......#
#....#......#
#....#.<....+
#....#.@....#
#....#......#
#....#.e....#
+....'......#
#+######'#......#
####...###.........#
.........#.........#
.........#.........+
..........'.........#


You could see Dowan.

Vanquished Creatures
  Duvessa (D:5)
  An orc priest (D:3)
  A crimson imp (D:4)
  A hound (D:4)
  An orc wizard (D:4)
  A worker ant (D:4)
  An adder (D:2)
  4 giant mites
  3 worms
  3 giant geckos
  2 oozes
  8 orcs
  3 giant cockroaches
  11 goblins
  13 hobgoblins
  8 jackals
  7 kobolds
  A quokka (D:3)
  9 bats
  6 giant newts
  9 rats
  A rat skeleton (D:4)
95 creatures vanquished.

Notes
Turn   | Place    | Note
--------------------------------------------------------------
     0 | D:1      | DrPain, the Halfling Fighter, began the quest for the Orb.
     0 | D:1      | Reached XP level 1. HP: 15/15 MP: 1/1
   106 | D:1      | Reached XP level 2. HP: 17/20 MP: 2/2
   531 | D:1      | Reached skill level 4 in Short Blades
   789 | D:1      | Reached XP level 3. HP: 25/25 MP: 3/3
  1306 | D:2      | Reached skill level 5 in Short Blades
  1551 | D:2      | Reached XP level 4. HP: 14/30 MP: 4/4
  2574 | D:3      | Reached XP level 5. HP: 35/35 MP: 5/5
  2893 | D:3      | Reached skill level 5 in Shields
  3030 | D:3      | Reached skill level 1 in Maces & Flails
  3713 | D:4      | Gained mutation: You are agile. (Dex +2) [potion of mutation]
  3783 | D:4      | Reached XP level 6. HP: 26/41 MP: 6/6
  4733 | D:5      | Entered Level 5 of the Dungeon
  4743 | D:5      | Noticed Duvessa
  4744 | D:5      | Noticed Dowan
  4772 | D:5      | Killed Duvessa
  4772 | D:5      | Reached XP level 7. HP: 14/45 MP: 7/7
  4786 | D:5      | Killed from afar by Dowan

Action                   |  1- 3 |  4- 6 |  7- 9 || total
-------------------------+-------+-------+-------++-------
Melee: Cutlass           |   118 |   138 |       ||   256
       Flail             |       |    54 |       ||    54
       Morningstar       |       |    51 |       ||    51
  Use: Scroll            |     4 |     7 |       ||    11
       Potion            |     2 |     5 |       ||     7
  Eat: Chunk             |     2 |     7 |       ||     9
       Beef jerky        |       |     1 |       ||     1
       Meat ration       |       |     1 |       ||     1
       Fruit             |       |     1 |       ||     1
